 Dungeon Crawl Stone Soup version 0.31-a0-180-g519b7de00c (webtiles) character file.

Game seed: 14618692465825033603

101 qw the Chopper (level 4, -5/28 HPs)
             Began as a Gargoyle Fighter on June 19, 2023.
             Slain by an ogre
             ... wielding a +0 giant club
              (33 damage)
             ... on level 6 of the Dungeon.
             The game lasted 00:01:02 (2116 turns).

qw the Chopper (Gargoyle Fighter)                   Turns: 2116, Time: 00:01:02

Health: -5/28      AC: 11    Str: 22    XL:     4   Next: 75%
Magic:  4/4        EV:  9    Int:  8    God:
Gold:   94         SH:  4    Dex:  9    Spells: 3/3 levels left

rFire   . . .        Y - +0 war axe
rCold   . . .        c - +0 buckler
rNeg    + . .        b - +0 scale mail
rPois   inf          (no helmet)
rElec   +            (no cloak)
rCorr   .            (no gloves)
SInv    .            j - +0 pair of boots
Will    .....        (no amulet) Stlth
                     (no ring)
HPRegen 0.24/turn    (no ring)
MPRegen 0.09/turn

%: no passive effects
@: no status effects
A: sickness immunity, AC +3, negative energy resistance 1, electricity
resistance, torment resistance 1, petrification resistance
a: no special abilities


You were on level 6 of the Dungeon.
You visited 1 branch of the dungeon, and saw 4 of its levels.

You collected 94 gold pieces.


Innate Abilities, Weirdness & Mutations

You are immune to sickness and miasma.
Your stone body is resilient. (AC +3)
You are immune to poison.
You resist negative energy. (rN+)
You are resistant to electric shocks. (rElec)
You are resistant to unholy torment.
You are immune to petrification.


   Skills:
 - Level 3.2 Fighting
 + Level 4.3 Axes
 - Level 3.2 Armour
 - Level 3.2 Shields


You had 3 spell levels left.
You didn't know any spells.
Your spell library was empty.

Inventory:

Hand Weapons
 l - a +0 whip
 Y - a +0 war axe (weapon)
Armour
 b - a +0 scale mail (worn)
 c - a +0 buckler (worn)
 j - a +0 pair of boots (worn)
Scrolls
 p - a scroll of identify
Potions
 d - a potion of might
 e - a potion of brilliance {unknown}
 f - a potion of lignification {unknown}
 h - a potion of curing {unknown}
 k - a potion of cancellation {unknown}
 o - a potion of degeneration {unknown}

Dungeon Overview and Level Annotations

Branches:
Dungeon (6/15)             Temple (0/1) D:6

Altars:
The Shining One


Message History

There is a stone staircase leading up here.
Waypoint 2 assigned to D:3.
A goblin comes into view. It is wielding a +2 dagger of venom.
The goblin shouts!
You slash the goblin!
You kill the goblin!
Things that are here:
a +2 dagger of venom; a goblin corpse As you open the door, it creaks loudly!
You hear an angry hiss.
An adder comes into view.
The adder hisses angrily.
There is an open door here.
You slash the adder!
You kill the adder!
You open the door.
There is an open door here.
A kobold comes into view. It is wielding a +0 short sword.
The kobold shouts!
The kobold throws a stone.
The stone hits you.
A sourceless malevolence fills the Dungeon...
You fall into a shaft and drop 3 floors!
The shaft crumbles and collapses.
Waypoint 3 assigned to D:6.
You start resting.
HP restored.
Found a staircase to the Ecumenical Temple.
2107 ||| PLANNING TEMPLE
(D) Dungeon (T) Temple
Where to? (* - list waypoints, Enter - D:3, ? - help)
An ogre comes into view. It is wielding a +0 giant club.
The ogre shouts!
You barely miss the ogre. You completely miss the plant. You slash the plant!
The plant begins to die.
The ogre closely misses you.
You slash the ogre!
The ogre is heavily wounded.
You slash the plant!
The plant begins to die.
You hit the plant.
The ogre hits you with a +0 giant club!!
Ouch! That really hurt!
You die... ... .
P.P

.# ####.##.. #P#...#P
...>.. #... ##O####
#P@P..######
##.........#
#####....#.##.#
.........##.##.#####.#
.#####...#...........#
#.......#.#######
#.#.##..#.#
#...###+### #...#


You could see an ogre.

Vanquished Creatures
  4 adders
  2 worms (D:2)
  4 dart slugs
  5 endoplasms
  2 giant cockroaches (D:2)
  6 goblins
  3 hobgoblins
  2 quokkas (D:1)
  3 ball pythons (D:2)
  3 bats
  11 frilled lizards (D:1)
  3 kobolds
  9 rats
57 creatures vanquished.

Notes
Turn   | Place    | Note
-------+----------+-------------------------------------------
     0 | D:1      | qw the Gargoyle Fighter began the quest for the Orb.
     0 | D:1      | Reached XP level 1. HP: 14/14 MP: 1/1
     0 | D:1      | 0 ||| qw: Version: 0.3-a-7-ge0c9b40
     0 | D:1      | 0 ||| qw: Game counter: 955
     0 | D:1      | 0 ||| qw: Always use a shield: true
     0 | D:1      | 0 ||| qw: God list: Okawaru
     0 | D:1      | 0 ||| qw: Allow faded altars: false
     0 | D:1      | 0 ||| qw: Do Orc after D:15 true
     0 | D:1      | 0 ||| qw: Do second Lair branch before Depths: true
     0 | D:1      | 0 ||| qw: Lair rune preference: random
     0 | D:1      | 0 ||| qw: Plans: Normal, Zot:1-4, Slime:5, God:TSO, Crypt,
                  | Tomb, Abyss, Pan, Hells, Win
     0 | D:1      | 0 ||| PLANNING D:1-11
    74 | D:1      | Reached skill level 2 in Axes
   154 | D:1      | Reached XP level 2. HP: 10/19 MP: 2/2
   240 | D:1      | 240 ||| Stepping ~*~*~tactically~*~*~ (hiding).
   242 | D:1      | 242 ||| Stepping ~*~*~tactically~*~*~ (hiding).
   511 | D:1      | Reached skill level 3 in Axes
   568 | D:1      | Found a faded altar of an unknown god.
   651 | D:1      | Reached XP level 3. HP: 23/23 MP: 3/3
   817 | D:1      | 817 ||| Stepping ~*~*~tactically~*~*~ (hiding).
   887 | D:1      | 887 ||| Stepping ~*~*~tactically~*~*~ (stealth).
   889 | D:1      | 889 ||| Stepping ~*~*~tactically~*~*~ (stealth).
   909 | D:1      | 909 ||| UPGRADING to +0 pair of boots.
   914 | D:1      | 914 ||| READING scroll labelled QOG PEASCHUIMA.
   915 | D:1      | 915 ||| READING 3 scrolls labelled YPINEIK NARESM.
   916 | D:1      | 916 ||| DROPPING 2 scrolls of immolation.
  1078 | D:2      | 1078 ||| Stepping ~*~*~tactically~*~*~ (hiding).
  1425 | D:2      | 1425 ||| DROPPING +0 club.
  1466 | D:2      | Reached XP level 4. HP: 28/28 MP: 4/4
  1498 | D:2      | Reached skill level 4 in Axes
  1566 | D:2      | 1566 ||| Stepping ~*~*~tactically~*~*~ (hiding).
  1594 | D:2      | 1594 ||| Stepping ~*~*~tactically~*~*~ (stealth).
  1637 | D:2      | 1637 ||| Stepping ~*~*~tactically~*~*~ (stealth).
  1704 | D:2      | Found a glowing golden altar of the Shining One.
  1979 | D:2      | 1979 ||| DROPPING scarf of harm.
  1980 | D:2      | 1980 ||| DROPPING +6 ring of intelligence.
  1981 | D:2      | 1981 ||| READING scroll labelled USAMOZ TUME.
  1986 | D:2      | 1986 ||| READING scroll labelled TAIQEV USKUGA.
  1987 | D:2      | 1987 ||| READING 2 scrolls labelled WETUIH WUCVU.
  1988 | D:2      | 1988 ||| DROPPING scroll of noise.
  2087 | D:3      | You fall into a shaft and drop 3 floors!
  2106 | D:6      | Found a staircase to the Ecumenical Temple.
  2107 | D:6      | 2107 ||| PLANNING TEMPLE
  2109 | D:6      | Noticed an ogre
  2116 | D:6      | Slain by an ogre

Levels and vault maps discovered:
D:1:      denvon_arrival_waterhouse, layout_loops_ring,
          hellmonk_ecumenical_altar_inner_sanctum, minmay_lizard_king
D:2:      minmay_alternating_diamond, layout_basic, basic_altar,
          grunt_decor_clamped
D:3:      layout_loops_corners
D:6:      layout_loops_corners, overflow_temple_1_default,
          minmay_temple_entry_gardened_gates, nrook_pool_corridor,
          minmay_chambers_of_fives, uniq_menkaure

Skill      XL: |  1  2  3  4 |
---------------+-------------+-----
Axes           | 2 3 4 |  4.3
Fighting       | |  3.2
Armour         | |  3.2
Shields        | |  3.2

Action                     |  1- 3 |  4- 6 || total
---------------------------+-------+-------++-------
  Melee: War axe           |   113 |    28 ||   141
    Use: Scroll            |     2 |     3 ||     5
 Armour: Scale mail        |    51 |     4 ||    55
  Dodge: Dodged            |    45 |     7 ||    52
  Block: Buckler           |    24 |     2 ||    26

Table legend:
 A = Non-vault XP
 B = Vault XP
 C = Vault XP percentage of total XP
 D = Non-vault monster count
 E = Vault monster count
 F = Vault count percentage of total count
                 A         B        C        D         E       F
            +---------+---------+-------+---------+---------+-------
      Total |     112 |      33 |  22.8 |      45 |      12 |  21.1
            +---------+---------+-------+---------+---------+-------
        D:1 |      37 |       7 |  15.9 |      21 |       7 |  25.0
        D:2 |      60 |      26 |  30.2 |      22 |       5 |  18.5
        D:3 |      15 |       0 |   0.0 |       2 |       0 |   0.0
            +---------+---------+-------+---------+---------+-------
